 Dungeon Crawl Stone Soup version 0.26.1-11-gd32895ea62 (webtiles) character file.

Game seed: 577294371522818342

225 H0rd4k the Insei (level 6, -2/38 HPs)
             Began as an Octopode Transmuter on July 20, 2021.
             Slain by an adder (4 damage)
             ... on level 4 of the Dungeon.
             The game lasted 00:02:26 (3425 turns).

H0rd4k the Insei (Octopode Transmuter)              Turns: 3425, Time: 00:02:27

Health: -2/38      AC:  1    Str:  9    XL:     6   Next: 1%
Magic:  9/10       EV: 14    Int: 18    God:
Gold:   201        SH:  0    Dex: 12    Spells: 7/11 levels left

rFire    . . .     SeeInvis .     - Unarmed
rCold    . . .     Faith    .   (no shield)
rNeg     . . .     Spirit   .   (helmet currently unavailable)
rPois    .         Reflect  .   (no amulet)
rElec    .         Harm     .   (no ring)
rCorr    .         Rampage  .   (no ring)
Will     .....                  (no ring)
Stlth    ++........             (no ring)
HPRegen  0.12/turn              (no ring)
MPRegen  0.12/turn              (no ring)
                                (no ring)
                                (no ring)

@: lethally poisoned (-2 -> -8), appendages (expiring)
A: almost no armour, stealthy swim, amphibious, 8 rings, constrict 8, tentacle
spike 3, camouflage 1, gelatinous body 1
a: End Transformation


You were on level 4 of the Dungeon.
One of your tentacles had a temporary spike.
You visited 1 branch of the dungeon, and saw 4 of its levels.

You collected 201 gold pieces.

Inventory:

Wands
 k - a wand of random effects (25)
Scrolls
 a - 5 scrolls of teleportation {unknown}
 b - 7 scrolls of identify {unknown}
 c - 3 scrolls of remove curse {unknown}
 e - a scroll of amnesia {unknown}
 f - a scroll of enchant armour {unknown}
 h - a scroll of fear {unknown}
 l - a scroll of magic mapping {unknown}
Potions
 d - a potion of lignification {unknown}
 g - a potion of heal wounds {unknown}
 i - a potion of brilliance {unknown}
 j - a potion of degeneration {unknown}
 m - a potion of curing {unknown}


   Skills:
 + Level 1.2 Fighting
 + Level 2.9 Dodging
 - Level 0.9 Stealth
 + Level 4.5 Unarmed Combat
 * Level 3.1 Spellcasting
 * Level 2.9 Transmutations
 - Level 1.2 Poison Magic


You had 7 spell levels left.
You knew the following spells:

 Your Spells              Type           Power        Failure   Level
a - Beastly Appendage     Tmut           26%          4%          1
b - Spider Form           Tmut/Pois      5%           21%         3

Your spell library contained the following spells:

 Spells                   Type           Power        Failure   Level
 Wereblood                Tmut           13%          7%          2
 Ice Form                 Ice/Tmut       8%           65%         4
 Blade Hands              Tmut           6%           78%         5


Dungeon Overview and Level Annotations

Branches:
Dungeon (4/15)
 Temple: D:4-7

Altars:
Fedhas
Kikubaaqudgha
Trog


Innate Abilities, Weirdness & Mutations

You cannot wear most types of armour.
You are very stealthy in the water. (Stealth+)
You are amphibious.
You can wear up to eight rings at the same time.
You can use your tentacles to constrict eight enemies at once.
Your skin changes colour to match your surroundings (Stealth+).
Your rubbery body absorbs attacks. (AC +1, EV +1)
One of your tentacles bears a large vicious spike.


Message History

You tentacle-slap the adder. Your grab misses the adder.
Your squeeze misses the adder.
The adder is severely wounded.
The adder bites you.
* * * LOW HITPOINT WARNING * * *
You are poisoned.
The adder poisons you!
You closely miss the adder. Your grab misses the adder.
The adder is severely wounded.
You feel sick. The adder misses you.
You miss the adder. Your grab misses the adder.
The adder is severely wounded.
The leopard gecko hisses menacingly.
The adder bites you.
* * * LOW HITPOINT WARNING * * *
You are more poisoned.
The adder poisons you!
* * * LOW HITPOINT WARNING * * *
You feel sick. The adder bites you.
You die...

### .## #.. ..# #.#
#..# #.##...## .
#.......#.#
.########J.....#...
.......@Sl.......##
#########Z.<...#.#(
#........#.
####.#..... ....##.
###.#.. #[....[
###.#.. ....##.


You could see an ooze, an adder, a leopard gecko and a leopard gecko skeleton.

Vanquished Creatures
  A water moccasin skeleton (D:2)
  A howler monkey (D:4)
  A hound (D:4)
  A gnoll (D:1)
  4 adders
  An ooze (D:2)
  An adder skeleton (D:3)
  A worm (D:3)
  2 leopard geckos
  2 orcs (D:3)
  2 ball pythons
  2 giant cockroaches
  5 goblins
  6 hobgoblins
  A quokka (D:2)
  5 bats
  4 frilled lizards (D:1)
  12 kobolds
  6 rats
58 creatures vanquished.

Vanquished Creatures (others)
  A wizard (D:3)
  4 toadstools (D:3)
5 creatures vanquished.

Grand Total: 63 creatures vanquished

Notes
Turn   | Place    | Note
-------+----------+-------------------------------------------
     0 | D:1      | H0rd4k the Octopode Transmuter began the quest for the Orb.
     0 | D:1      | Reached XP level 1. HP: 13/13 MP: 3/3
   214 | D:1      | Reached XP level 2. HP: 18/18 MP: 5/5
   625 | D:1      | Reached XP level 3. HP: 15/23 MP: 7/7
   930 | D:1      | Learned a level 3 spell: Spider Form
  1158 | D:2      | Found a blossoming altar of Fedhas.
  1176 | D:2      | Reached skill level 1 in Poison Magic
  1176 | D:2      | Reached XP level 4. HP: 11/28 MP: 6/8
  1916 | D:2      | Found an ancient bone altar of Kikubaaqudgha.
  2382 | D:3      | Reached XP level 5. HP: 19/33 MP: 9/9
  2728 | D:3      | Reached skill level 4 in Unarmed Combat
  2919 | D:3      | Found a bloodstained altar of Trog.
  2921 | D:3      | Noticed a wizard
  2926 | D:3      | Killed a wizard
  3421 | D:4      | Reached XP level 6. HP: 13/38 MP: 8/10
  3425 | D:4      | Slain by an adder

Illustrated notes

Levels and vault maps discovered:
D:1:      minmay_arrival_cross, layout_loops_ring, hangedman_decor_growths
D:2:      layout_loops_ring, lemuel_crystal_altar, lemuel_coloured_pillars_altar
D:3:      layout_loops_ring, minmay_gold_behind_fungi, trog_wizard
D:4:      layout_loops_corners, nicolae_overflow_hidden_temple, serial_shops,
          shop, minmay_fractal_squares_5, uniq_duvessa

Skill      XL: |  1  2  3  4  5 |
---------------+----------------+-----
Poison Magic   | 1 |  1.2
Unarmed Combat | 4 |  4.5
Spellcasting   | 3 |  3.1
Fighting       | |  1.2
Dodging        | |  2.9
Stealth        | |  0.9
Transmutations | |  2.9

Action                   |  1- 3 |  4- 6 || total
-------------------------+-------+-------++-------
Melee: Unarmed           |    59 |   102 ||   161
       Constrict         |    12 |    26 ||    38
       Tentacles         |     6 |    19 ||    25
       Punch             |     1 |     3 ||     4
       Kick              |       |     6 ||     6
 Cast: Beastly Appendage |     1 |     4 ||     5
 Stab: Sleeping          |     7 |     7 ||    14
       Distracted        |     1 |       ||     1
Armor: Skin              |     3 |     4 ||     7
Dodge: Dodged            |    37 |    60 ||    97
